Sharks vs Oilers

Created - April 4 2007 at 18:52

Goals
1 2 3 T
Sharks 2 2 1 5
Oilers 0 0 3 3
Shots
1 2 3 T
Sharks 13 10 10 33
Oilers 5 4 20 29

Period #1

1. Sharks , Milan Michalek 23 (Joe Thornton, Jason Blake) at 5:07 (PP)
2. Sharks , Dustin Brown 8 (Kyle McLaren, Jeremy Roenick) at 8:24

Penalities :
Keith Tkachuk (EDM) for Clipping (Minor) at 1:09, Keith Tkachuk (EDM) for Tripping (Minor) at 4:33, Ruslan Salei (EDM) for Slashing (Minor) at 6:21, Joe Thornton (SJS) for Slashing (Minor) at 8:54, Raffi Torres (EDM) for Interference (Minor) at 11:12, Dustin Brown (SJS) for Kneeing (Major) at 11:12, Brendan Witt (EDM) for Kneeing (Major) at 17:58

Period #2

3. Sharks , Joe Thornton 31 (Markus Naslund, Barret Jackman) at 0:59
4. Sharks , Jonathan Cheechoo 34 (Kyle McLaren) at 1:09

Penalities :
Sidney Crosby (SJS) for Slashing (Minor) at 0:35, Mathieu Biron (SJS) for Boarding (Minor) at 3:40, Kyle McLaren (SJS) for Tripping (Minor) at 4:56, Jonathan Cheechoo (SJS) for Clipping (Minor) at 7:24, Dustin Brown (SJS) for High sticking (Minor) at 15:31, Daniel Tjarnqvist (EDM) for Cross-checking (Minor) at 19:17

Period #3

5. Oilers , Ryan Smyth 27 (Brendan Witt, Shawn Horcoff) at 13:13
6. Oilers , Mike Sillinger 21 (Marty Reasoner, Jason Smith) at 13:23
7. Sharks , Joe Thornton 32 (Scott Hannan, Jason Blake) at 15:40
8. Oilers , Marty Reasoner 14 (Jason Smith, Dick Tarnstrom) at 17:31

Penalities :
No Penalty

Goalie Stats

Rick DiPietro (SJS), 26 saves from 29 shots - (0.897), W, 33-18-1, 60:00 minutes
Jussi Markkanen (EDM), 11 saves from 15 shots - (0.733), L, 9-8-5, 21:09 minutes
Dwayne Roloson (EDM), 17 saves from 18 shots - (0.944), 38:51 minutes

Players Stats

Sharks
Player Name              G  A  P  +/- PIM S  H  SB FO MP 
-----------------------------------------------------------
Alyn McCauley            0  0  0   0  0   0  0  0  0  12 
Barret Jackman           0  1  1   0  0   0  1  1  0  21 
Colby Armstrong          0  0  0   0  0   1  0  0  0  14 
Curtis Brown             0  0  0   0  0   0  0  0  16 11 
Dustin Brown             1  0  1   0  7   3  0  0  0  15 
Jason Blake              0  2  2  -1  0   5  0  0  2  21 
Jeremy Roenick           0  1  1   0  0   3  1  0  13 16 
Joe Thornton             2  1  3   1  2   6  0  0  24 21 
Jonathan Cheechoo        1  0  1   1  2   3  1  0  1  21 
Kyle McLaren             0  2  2   2  2   1  0  2  0  22 
Markus Naslund           0  1  1   1  0   0  1  0  0  16 
Mathieu Biron            0  0  0   0  2   1  0  0  0  14 
Milan Michalek           1  0  1  -1  0   3  1  0  2  14 
Richard Jackman          0  0  0  -1  0   1  2  3  0  17 
Scott Hannan             0  1  1   0  0   0  1  2  0  24 
Sergei Gonchar           0  0  0   1  0   1  3  2  0  24 
Sidney Crosby            0  0  0   0  2   5  1  0  27 17 
Ville Nieminen           0  0  0   0  0   0  0  0  0  0  
Oilers
Player Name              G  A  P  +/- PIM S  H  SB FO MP 
-----------------------------------------------------------
Ales Hemsky              0  0  0   0  0   3  0  0  1  18 
Brendan Witt             0  1  1   0  5   0  0  1  0  19 
Daniel Alfredsson        0  0  0  -1  0   0  0  0  3  13 
Daniel Tjarnqvist        0  0  0  -1  2   0  1  2  0  22 
Dick Tarnstrom           0  1  1   0  0   0  0  1  0  16 
Ethan Moreau             0  0  0   1  0   0  0  0  8  14 
Fernando Pisani          0  0  0   0  0   0  0  0  1  14 
Jarret Stoll             0  0  0   0  0   3  0  0  9  16 
Jason Smith              0  2  2   1  0   4  2  1  0  22 
Keith Tkachuk            0  0  0   0  4   2  0  0  2  17 
Marty Reasoner           1  1  2   1  0   2  0  0  23 20 
Mike Sillinger           1  0  1   2  0   3  0  0  1  8  
Petr Sykora              0  0  0  -1  0   2  0  1  0  7  
Raffi Torres             0  0  0  -1  2   0  2  1  10 13 
Ruslan Salei             0  0  0  -1  2   0  3  0  0  21 
Ryan Smyth               1  0  1  -1  0   6  0  0  0  22 
Shawn Horcoff            0  1  1  -1  0   3  0  0  27 18 
Steve Staios             0  0  0  -1  0   1  1  2  0  21 

3 Stars

1 - Joe Thornton (SJS)
2 - Marty Reasoner (EDM)
3 - Dwayne Roloson (EDM)

Power Play

Sharks - 1 on 6 Attempt(s) - 16.67%
Oilers - 0 on 5 Attempt(s) - 0.00%

Penalty Kill

Sharks - 5 on 5 Attempt(s) - 100.00% - Score 0 goal in Penalty Kill
Oilers - 5 on 6 Attempt(s) - 83.33% - Score 0 goal in Penalty Kill

Game Notes

Dwayne Roloson enters game at 1:09 of 2nd period

Finance

Level 1 -- Attendance: 2998 (59.97%) -- Ticket Income $299,800.00
Level 2 -- Attendance: 3632 (85.46%) -- Ticket Income $163,440.00
Level 3 -- Attendance: 1985 (92.80%) -- Ticket Income $59,550.00
Level 4 -- Attendance: 3128 (78.20%) -- Ticket Income $62,560.00
Luxury Box -- Attendance: 733 (73.27%) -- Ticket Income $146,600.00
Game was played at the Rexall Place
Total Attendance: 12476 (76.12%)
Total Ticket Income: $734,769.20
Other Income: $173,145.30
Total Income: $907,914.00


Play by Play

Period #1

0:01 of 1st period - Shawn Horcoff wins face-off versus Sidney Crosby in neutral zone.
0:03 of 1st period - Off-side.
0:04 of 1st period - Sidney Crosby wins face-off versus Shawn Horcoff in neutral zone.
0:29 of 1st period - Shot by Sidney Crosby.
0:29 of 1st period - Stopped by Jussi Markkanen with a rebound.
0:32 of 1st period - Shot by Sidney Crosby.
0:32 of 1st period - Deflect By Jonathan Cheechoo.
0:32 of 1st period - Shot Misses the Net.
0:33 of 1st period - Shot by Kyle McLaren.
0:33 of 1st period - Stopped by Jussi Markkanen with a rebound.
1:09 of 1st period - Minor Penalty to Keith Tkachuk for Clipping.
1:10 of 1st period - Joe Thornton wins face-off versus Raffi Torres in neutral zone.
1:13 of 1st period - Shot by Jason Blake.
1:13 of 1st period - Stopped by Jussi Markkanen without a rebound.
1:14 of 1st period - Raffi Torres wins face-off versus Joe Thornton in Oilers zone.
1:20 of 1st period - Icing by Barret Jackman.
1:21 of 1st period - Joe Thornton wins face-off versus Raffi Torres in Sharks zone.
1:25 of 1st period - Milan Michalek is hit by Raffi Torres and loses puck.
2:14 of 1st period - Off-side.
2:15 of 1st period - Raffi Torres wins face-off versus Sidney Crosby in neutral zone.
3:17 of 1st period - Colby Armstrong is hit by Raffi Torres and loses puck.
3:35 of 1st period - Shot by Dustin Brown.
3:35 of 1st period - Shot Misses the Net.
3:36 of 1st period - Shot by Richard Jackman.
3:36 of 1st period - Stopped by Jussi Markkanen without a rebound.
3:37 of 1st period - Ales Hemsky wins face-off versus Curtis Brown in Oilers zone.
3:48 of 1st period - Shot by Alyn McCauley.
3:48 of 1st period - Shot Blocked by Brendan Witt.
3:49 of 1st period - Shot by Sergei Gonchar.
3:49 of 1st period - Stopped by Jussi Markkanen without a rebound.
3:50 of 1st period - Marty Reasoner wins face-off versus Jeremy Roenick in Oilers zone.
4:00 of 1st period - Mike Sillinger is hit by Richard Jackman and loses puck.
4:33 of 1st period - Minor Penalty to Keith Tkachuk for Tripping.
4:34 of 1st period - Daniel Alfredsson wins face-off versus Joe Thornton in Oilers zone.
5:07 of 1st period - Shot by Milan Michalek.
5:07 of 1st period - Goal by Milan Michalek - Sharks : 1 - Oilers : 0.
5:08 of 1st period - Keith Tkachuk wins face-off versus Sidney Crosby in neutral zone.
5:14 of 1st period - Jarret Stoll is hit by Sergei Gonchar and loses puck.
6:21 of 1st period - Minor Penalty to Ruslan Salei for Slashing.
6:22 of 1st period - Raffi Torres wins face-off versus Joe Thornton in Oilers zone.
6:48 of 1st period - Barret Jackman is hit by Daniel Tjarnqvist and loses puck.
7:23 of 1st period - Jonathan Cheechoo is hit by Jason Smith and loses puck.
8:21 of 1st period - Shot by Jeremy Roenick.
8:21 of 1st period - Stopped by Jussi Markkanen with a rebound.
8:24 of 1st period - Shot by Dustin Brown.
8:24 of 1st period - Goal by Dustin Brown - Sharks : 2 - Oilers : 0.
8:25 of 1st period - Marty Reasoner wins face-off versus Jeremy Roenick in neutral zone.
8:28 of 1st period - Shot by Mike Sillinger.
8:28 of 1st period - Stopped by Rick DiPietro without a rebound.
8:29 of 1st period - Sidney Crosby wins face-off versus Shawn Horcoff in Sharks zone.
8:53 of 1st period - Shawn Horcoff is hit by Markus Naslund and loses puck.
8:54 of 1st period - Minor Penalty to Joe Thornton for Slashing.
8:55 of 1st period - Curtis Brown wins face-off versus Marty Reasoner in Sharks zone.
9:39 of 1st period - Icing by Daniel Tjarnqvist.
9:40 of 1st period - Shawn Horcoff wins face-off versus Sidney Crosby in Oilers zone.
9:44 of 1st period - Icing by Ryan Smyth.
9:45 of 1st period - Sidney Crosby wins face-off versus Shawn Horcoff in Oilers zone.
10:10 of 1st period - Shot by Shawn Horcoff.
10:10 of 1st period - Stopped by Rick DiPietro without a rebound.
10:11 of 1st period - Keith Tkachuk wins face-off versus Jonathan Cheechoo in Sharks zone.
10:13 of 1st period - Ales Hemsky is hit by Jonathan Cheechoo and loses puck.
11:12 of 1st period - Minor Penalty to Raffi Torres for Interference.
11:12 of 1st period - Major Penalty to Dustin Brown for Kneeing.
11:13 of 1st period - Joe Thornton wins face-off versus Shawn Horcoff in Oilers zone.
11:24 of 1st period - Shot by Joe Thornton.
11:24 of 1st period - Stopped by Jussi Markkanen without a rebound.
11:25 of 1st period - Sidney Crosby wins face-off versus Marty Reasoner in Oilers zone.
11:26 of 1st period - Shot by Jonathan Cheechoo.
11:26 of 1st period - Stopped by Jussi Markkanen without a rebound.
11:27 of 1st period - Marty Reasoner wins face-off versus Sidney Crosby in Oilers zone.
11:51 of 1st period - Jonathan Cheechoo is hit by Ruslan Salei and loses puck.
12:23 of 1st period - Shot by Markus Naslund.
12:23 of 1st period - Shot Misses the Net.
12:43 of 1st period - Daniel Alfredsson is hit by Barret Jackman and loses puck.
13:01 of 1st period - Shot by Ryan Smyth.
13:01 of 1st period - Shot Blocked by Scott Hannan.
13:26 of 1st period - Shot by Keith Tkachuk.
13:26 of 1st period - Shot Misses the Net.
13:31 of 1st period - Shot by Fernando Pisani.
13:31 of 1st period - Shot Blocked by Richard Jackman.
13:34 of 1st period - Shot by Ales Hemsky.
13:34 of 1st period - Shot Misses the Net.
13:35 of 1st period - Shot by Steve Staios.
13:35 of 1st period - Shot Misses the Net.
13:40 of 1st period - Shot by Keith Tkachuk.
13:40 of 1st period - Shot Misses the Net.
13:41 of 1st period - Shot by Jason Smith.
13:41 of 1st period - Stopped by Rick DiPietro with a rebound.
13:44 of 1st period - Shot by Ales Hemsky.
13:44 of 1st period - Deflect By Fernando Pisani.
13:44 of 1st period - Shot Misses the Net.
13:47 of 1st period - Shot by Ales Hemsky.
13:47 of 1st period - Stopped by Rick DiPietro with a rebound.
13:52 of 1st period - Shot by Ales Hemsky.
13:52 of 1st period - Shot Blocked by Kyle McLaren.
14:49 of 1st period - Shot by Keith Tkachuk.
14:49 of 1st period - Shot Misses the Net.
15:35 of 1st period - Icing by Steve Staios.
15:36 of 1st period - Shawn Horcoff wins face-off versus Sidney Crosby in Oilers zone.
15:56 of 1st period - Off-side.
15:57 of 1st period - Joe Thornton wins face-off versus Marty Reasoner in neutral zone.
16:03 of 1st period - Icing by Jarret Stoll.
16:04 of 1st period - Joe Thornton wins face-off versus Marty Reasoner in Oilers zone.
16:05 of 1st period - Shot by Jason Blake.
16:05 of 1st period - Stopped by Jussi Markkanen without a rebound.
16:06 of 1st period - Shawn Horcoff wins face-off versus Curtis Brown in Oilers zone.
17:23 of 1st period - Shot by Jarret Stoll.
17:23 of 1st period - Shot Misses the Net.
17:26 of 1st period - Shot by Ales Hemsky.
17:26 of 1st period - Stopped by Rick DiPietro without a rebound.
17:27 of 1st period - Joe Thornton wins face-off versus Shawn Horcoff in Sharks zone.
17:47 of 1st period - Jason Blake is hit by Ruslan Salei and loses puck.
17:58 of 1st period - Major Penalty to Brendan Witt for Kneeing.
17:59 of 1st period - Sidney Crosby wins face-off versus Raffi Torres in Oilers zone.
18:08 of 1st period - Shot by Sidney Crosby.
18:08 of 1st period - Shot Blocked by Dick Tarnstrom.
18:19 of 1st period - Shot by Sidney Crosby.
18:19 of 1st period - Shot Misses the Net.
18:22 of 1st period - Shot by Markus Naslund.
18:22 of 1st period - Shot Misses the Net.
18:38 of 1st period - Off-side.
18:39 of 1st period - Joe Thornton wins face-off versus Raffi Torres in neutral zone.
18:52 of 1st period - Shot by Jason Blake.
18:52 of 1st period - Shot Misses the Net.
18:55 of 1st period - Shot by Joe Thornton.
18:55 of 1st period - Shot Misses the Net.
18:56 of 1st period - Shot by Jason Blake.
18:56 of 1st period - Shot Blocked by Raffi Torres.
19:01 of 1st period - Shot by Joe Thornton.
19:01 of 1st period - Stopped by Jussi Markkanen without a rebound.
19:02 of 1st period - Joe Thornton wins face-off versus Marty Reasoner in Oilers zone.
19:07 of 1st period - Shot by Jason Blake.
19:07 of 1st period - Stopped by Jussi Markkanen without a rebound.
19:08 of 1st period - Marty Reasoner wins face-off versus Milan Michalek in Oilers zone.

Period #2

0:01 of 2nd period - Sidney Crosby wins face-off versus Raffi Torres in neutral zone.
0:20 of 2nd period - Shot by Jonathan Cheechoo.
0:20 of 2nd period - Shot Misses the Net.
0:35 of 2nd period - Shot by Sidney Crosby.
0:35 of 2nd period - Shot Blocked by Daniel Tjarnqvist.
0:35 of 2nd period - Minor Penalty to Sidney Crosby for Slashing.
0:36 of 2nd period - Joe Thornton wins face-off versus Marty Reasoner in Oilers zone.
0:59 of 2nd period - Shot by Joe Thornton.
0:59 of 2nd period - Goal by Joe Thornton - Sharks : 3 - Oilers : 0.
1:00 of 2nd period - Joe Thornton wins face-off versus Shawn Horcoff in neutral zone.
1:09 of 2nd period - Shot by Jonathan Cheechoo.
1:09 of 2nd period - Goal by Jonathan Cheechoo - Sharks : 4 - Oilers : 0.
1:09 of 2nd period - Dwayne Roloson enters game.
1:10 of 2nd period - Jason Blake wins face-off versus Marty Reasoner in neutral zone.
2:09 of 2nd period - Shot by Markus Naslund.
2:09 of 2nd period - Shot Hit the Post.
2:35 of 2nd period - Icing by Barret Jackman.
2:36 of 2nd period - Sidney Crosby wins face-off versus Daniel Alfredsson in Sharks zone.
2:52 of 2nd period - Sidney Crosby is hit by Steve Staios and loses puck.
3:06 of 2nd period - Shot by Colby Armstrong.
3:06 of 2nd period - Stopped by Dwayne Roloson without a rebound.
3:07 of 2nd period - Jarret Stoll wins face-off versus Jeremy Roenick in Oilers zone.
3:11 of 2nd period - Ales Hemsky is hit by Jeremy Roenick and loses puck.
3:40 of 2nd period - Minor Penalty to Mathieu Biron for Boarding.
3:41 of 2nd period - Marty Reasoner wins face-off versus Curtis Brown in Sharks zone.
4:37 of 2nd period - Icing by Daniel Alfredsson.
4:38 of 2nd period - Shawn Horcoff wins face-off versus Joe Thornton in Oilers zone.
4:56 of 2nd period - Minor Penalty to Kyle McLaren for Tripping.
4:57 of 2nd period - Shawn Horcoff wins face-off versus Curtis Brown in Oilers zone.
5:42 of 2nd period - Shot by Ales Hemsky.
5:42 of 2nd period - Shot Misses the Net.
5:43 of 2nd period - Shot by Ales Hemsky.
5:43 of 2nd period - Shot Misses the Net.
5:48 of 2nd period - Shot by Fernando Pisani.
5:48 of 2nd period - Shot Misses the Net.
5:51 of 2nd period - Shot by Ales Hemsky.
5:51 of 2nd period - Shot Misses the Net.
5:56 of 2nd period - Shot by Fernando Pisani.
5:56 of 2nd period - Shot Blocked by Barret Jackman.
6:25 of 2nd period - Shot by Sidney Crosby.
6:25 of 2nd period - Shot Blocked by Daniel Tjarnqvist.
6:28 of 2nd period - Shot by Sidney Crosby.
6:28 of 2nd period - Stopped by Dwayne Roloson without a rebound.
6:29 of 2nd period - Sidney Crosby wins face-off versus Shawn Horcoff in Oilers zone.
6:32 of 2nd period - Shot by Sidney Crosby.
6:32 of 2nd period - Stopped by Dwayne Roloson without a rebound.
6:33 of 2nd period - Shawn Horcoff wins face-off versus Joe Thornton in Oilers zone.
6:33 of 2nd period - Daniel Alfredsson is hit by Sergei Gonchar and loses puck.
7:15 of 2nd period - Shot by Jeremy Roenick.
7:15 of 2nd period - Shot Misses the Net.
7:18 of 2nd period - Shot by Colby Armstrong.
7:18 of 2nd period - Shot Blocked by Steve Staios.
7:21 of 2nd period - Shot by Jeremy Roenick.
7:21 of 2nd period - Stopped by Dwayne Roloson without a rebound.
7:22 of 2nd period - Jarret Stoll wins face-off versus Sidney Crosby in Oilers zone.
7:24 of 2nd period - Minor Penalty to Jonathan Cheechoo for Clipping.
7:25 of 2nd period - Curtis Brown wins face-off versus Marty Reasoner in neutral zone.
9:18 of 2nd period - Shot by Jarret Stoll.
9:18 of 2nd period - Shot Misses the Net.
9:53 of 2nd period - Shot by Dustin Brown.
9:53 of 2nd period - Shot Blocked by Steve Staios.
9:58 of 2nd period - Shot by Dustin Brown.
9:58 of 2nd period - Stopped by Dwayne Roloson without a rebound.
9:59 of 2nd period - Sidney Crosby wins face-off versus Shawn Horcoff in Oilers zone.
10:16 of 2nd period - Shot by Ryan Smyth.
10:16 of 2nd period - Shot Blocked by Kyle McLaren.
10:17 of 2nd period - Shot by Daniel Tjarnqvist.
10:17 of 2nd period - Shot Misses the Net.
10:20 of 2nd period - Shot by Ryan Smyth.
10:20 of 2nd period - Stopped by Rick DiPietro without a rebound.
10:21 of 2nd period - Mike Sillinger wins face-off versus Curtis Brown in Sharks zone.
10:25 of 2nd period - Icing by Sergei Gonchar.
10:26 of 2nd period - Curtis Brown wins face-off versus Marty Reasoner in Sharks zone.
10:43 of 2nd period - Shot by Jonathan Cheechoo.
10:43 of 2nd period - Shot Misses the Net.
13:58 of 2nd period - Shot by Jonathan Cheechoo.
13:58 of 2nd period - Shot Blocked by Petr Sykora.
15:23 of 2nd period - Shot by Milan Michalek.
15:23 of 2nd period - Stopped by Dwayne Roloson without a rebound.
15:24 of 2nd period - Jeremy Roenick wins face-off versus Ethan Moreau in Oilers zone.
15:28 of 2nd period - Icing by Steve Staios.
15:29 of 2nd period - Jeremy Roenick wins face-off versus Ethan Moreau in Oilers zone.
15:31 of 2nd period - Minor Penalty to Dustin Brown for High sticking.
15:32 of 2nd period - Joe Thornton wins face-off versus Jarret Stoll in Oilers zone.
16:07 of 2nd period - Shot by Jason Blake.
16:07 of 2nd period - Stopped by Dwayne Roloson with a rebound.
16:10 of 2nd period - Shot by Joe Thornton.
16:10 of 2nd period - Stopped by Dwayne Roloson without a rebound.
16:11 of 2nd period - Curtis Brown wins face-off versus Marty Reasoner in Oilers zone.
16:17 of 2nd period - Icing by Ruslan Salei.
16:18 of 2nd period - Curtis Brown wins face-off versus Marty Reasoner in Oilers zone.
16:53 of 2nd period - Shot by Ryan Smyth.
16:53 of 2nd period - Stopped by Rick DiPietro without a rebound.
16:54 of 2nd period - Curtis Brown wins face-off versus Shawn Horcoff in Sharks zone.
18:25 of 2nd period - Shot by Petr Sykora.
18:25 of 2nd period - Stopped by Rick DiPietro without a rebound.
18:26 of 2nd period - Curtis Brown wins face-off versus Shawn Horcoff in Sharks zone.
18:35 of 2nd period - Shot by Ryan Smyth.
18:35 of 2nd period - Deflect By Shawn Horcoff.
18:35 of 2nd period - Stopped by Rick DiPietro without a rebound.
18:36 of 2nd period - Milan Michalek wins face-off versus Marty Reasoner in Sharks zone.
18:51 of 2nd period - Shot by Milan Michalek.
18:51 of 2nd period - Shot Misses the Net.
19:17 of 2nd period - Minor Penalty to Daniel Tjarnqvist for Cross-checking.
19:18 of 2nd period - Sidney Crosby wins face-off versus Daniel Alfredsson in Oilers zone.

Period #3

0:01 of 3rd period - Raffi Torres wins face-off versus Sidney Crosby in neutral zone.
0:28 of 3rd period - Shot by Sidney Crosby.
0:28 of 3rd period - Stopped by Dwayne Roloson without a rebound.
0:29 of 3rd period - Raffi Torres wins face-off versus Joe Thornton in Oilers zone.
0:29 of 3rd period - Daniel Alfredsson is hit by Milan Michalek and loses puck.
1:45 of 3rd period - Shot by Daniel Tjarnqvist.
1:45 of 3rd period - Shot Misses the Net.
1:50 of 3rd period - Shot by Ales Hemsky.
1:50 of 3rd period - Stopped by Rick DiPietro without a rebound.
1:51 of 3rd period - Sidney Crosby wins face-off versus Marty Reasoner in Sharks zone.
2:21 of 3rd period - Jason Smith is hit by Sidney Crosby and loses puck.
3:07 of 3rd period - Shot by Jarret Stoll.
3:07 of 3rd period - Shot Misses the Net.
3:20 of 3rd period - Shot by Jason Blake.
3:20 of 3rd period - Deflect By Joe Thornton.
3:20 of 3rd period - Shot Misses the Net.
3:30 of 3rd period - Ales Hemsky is hit by Richard Jackman and loses puck.
3:41 of 3rd period - Icing by Steve Staios.
3:42 of 3rd period - Shawn Horcoff wins face-off versus Jeremy Roenick in Oilers zone.
3:53 of 3rd period - Shot by Mathieu Biron.
3:53 of 3rd period - Stopped by Dwayne Roloson without a rebound.
3:54 of 3rd period - Shawn Horcoff wins face-off versus Curtis Brown in Oilers zone.
4:07 of 3rd period - Shot by Jarret Stoll.
4:07 of 3rd period - Shot Blocked by Sergei Gonchar.
4:08 of 3rd period - Shot by Jarret Stoll.
4:08 of 3rd period - Shot Misses the Net.
4:09 of 3rd period - Shot by Jarret Stoll.
4:09 of 3rd period - Shot Blocked by Sergei Gonchar.
4:10 of 3rd period - Shot by Jarret Stoll.
4:10 of 3rd period - Shot Blocked by Scott Hannan.
4:13 of 3rd period - Shot by Jarret Stoll.
4:13 of 3rd period - Shot Misses the Net.
4:14 of 3rd period - Shot by Jarret Stoll.
4:14 of 3rd period - Stopped by Rick DiPietro with a rebound.
4:18 of 3rd period - Shawn Horcoff is hit by Scott Hannan and loses puck.
4:22 of 3rd period - Shot by Ryan Smyth.
4:22 of 3rd period - Shot Misses the Net.
4:23 of 3rd period - Shot by Jarret Stoll.
4:23 of 3rd period - Shot Misses the Net.
4:24 of 3rd period - Shot by Ryan Smyth.
4:24 of 3rd period - Stopped by Rick DiPietro without a rebound.
4:25 of 3rd period - Jeremy Roenick wins face-off versus Ethan Moreau in Sharks zone.
4:33 of 3rd period - Icing by Steve Staios.
4:34 of 3rd period - Jeremy Roenick wins face-off versus Ethan Moreau in Oilers zone.
4:35 of 3rd period - Shot by Dustin Brown.
4:35 of 3rd period - Shot Hit the Post.
5:40 of 3rd period - Shot by Keith Tkachuk.
5:40 of 3rd period - Shot Blocked by Richard Jackman.
6:16 of 3rd period - Off-side.
6:17 of 3rd period - Joe Thornton wins face-off versus Ethan Moreau in neutral zone.
6:23 of 3rd period - Joe Thornton is hit by Jason Smith and loses puck.
6:35 of 3rd period - Shot by Jason Blake.
6:35 of 3rd period - Stopped by Dwayne Roloson with a rebound.
6:42 of 3rd period - Shot by Petr Sykora.
6:42 of 3rd period - Stopped by Rick DiPietro with a rebound.
7:12 of 3rd period - Icing by Barret Jackman.
7:13 of 3rd period - Shawn Horcoff wins face-off versus Joe Thornton in Sharks zone.
7:36 of 3rd period - Shot by Jarret Stoll.
7:36 of 3rd period - Stopped by Rick DiPietro without a rebound.
7:37 of 3rd period - Marty Reasoner wins face-off versus Sidney Crosby in Sharks zone.
7:42 of 3rd period - Shot by Mike Sillinger.
7:42 of 3rd period - Shot Misses the Net.
7:45 of 3rd period - Shot by Marty Reasoner.
7:45 of 3rd period - Shot Misses the Net.
7:46 of 3rd period - Shot by Jason Smith.
7:46 of 3rd period - Stopped by Rick DiPietro without a rebound.
7:47 of 3rd period - Sidney Crosby wins face-off versus Fernando Pisani in Sharks zone.
7:54 of 3rd period - Shot by Sidney Crosby.
7:54 of 3rd period - Stopped by Dwayne Roloson without a rebound.
7:55 of 3rd period - Shawn Horcoff wins face-off versus Sidney Crosby in Oilers zone.
8:08 of 3rd period - Shot by Jonathan Cheechoo.
8:08 of 3rd period - Stopped by Dwayne Roloson without a rebound.
8:09 of 3rd period - Jarret Stoll wins face-off versus Jeremy Roenick in Oilers zone.
8:30 of 3rd period - Shot by Jarret Stoll.
8:30 of 3rd period - Shot Misses the Net.
8:37 of 3rd period - Shot by Keith Tkachuk.
8:37 of 3rd period - Shot Misses the Net.
8:40 of 3rd period - Shot by Keith Tkachuk.
8:40 of 3rd period - Stopped by Rick DiPietro with a rebound.
8:43 of 3rd period - Shot by Ales Hemsky.
8:43 of 3rd period - Shot Misses the Net.
8:44 of 3rd period - Shot by Brendan Witt.
8:44 of 3rd period - Shot Blocked by Richard Jackman.
9:08 of 3rd period - Marty Reasoner is hit by Sergei Gonchar and loses puck.
9:29 of 3rd period - Icing by Steve Staios.
9:30 of 3rd period - Marty Reasoner wins face-off versus Joe Thornton in Oilers zone.
9:45 of 3rd period - Shot by Shawn Horcoff.
9:45 of 3rd period - Stopped by Rick DiPietro without a rebound.
9:46 of 3rd period - Shawn Horcoff wins face-off versus Curtis Brown in Sharks zone.
10:10 of 3rd period - Icing by Alyn McCauley.
10:11 of 3rd period - Curtis Brown wins face-off versus Jarret Stoll in Sharks zone.
11:59 of 3rd period - Icing by Steve Staios.
12:00 of 3rd period - Ethan Moreau wins face-off versus Sidney Crosby in Oilers zone.
12:04 of 3rd period - Off-side.
12:05 of 3rd period - Jarret Stoll wins face-off versus Sidney Crosby in neutral zone.
12:07 of 3rd period - Off-side.
12:08 of 3rd period - Jarret Stoll wins face-off versus Sidney Crosby in neutral zone.
12:37 of 3rd period - Shot by Jarret Stoll.
12:37 of 3rd period - Stopped by Rick DiPietro without a rebound.
12:38 of 3rd period - Shawn Horcoff wins face-off versus Jeremy Roenick in Sharks zone.
12:39 of 3rd period - Shot by Ryan Smyth.
12:39 of 3rd period - Stopped by Rick DiPietro without a rebound.
12:40 of 3rd period - Jeremy Roenick wins face-off versus Shawn Horcoff in Sharks zone.
12:47 of 3rd period - Shot by Jeremy Roenick.
12:47 of 3rd period - Stopped by Dwayne Roloson with a rebound.
13:10 of 3rd period - Shot by Shawn Horcoff.
13:10 of 3rd period - Shot Misses the Net.
13:13 of 3rd period - Shot by Ryan Smyth.
13:13 of 3rd period - Goal by Ryan Smyth - Sharks : 4 - Oilers : 1.
13:14 of 3rd period - Ethan Moreau wins face-off versus Jason Blake in neutral zone.
13:23 of 3rd period - Shot by Marty Reasoner.
13:23 of 3rd period - Deflect By Mike Sillinger.
13:23 of 3rd period - Goal by Mike Sillinger - Sharks : 4 - Oilers : 2.
13:24 of 3rd period - Jarret Stoll wins face-off versus Sidney Crosby in neutral zone.
13:29 of 3rd period - Shot by Keith Tkachuk.
13:29 of 3rd period - Stopped by Rick DiPietro without a rebound.
13:30 of 3rd period - Marty Reasoner wins face-off versus Joe Thornton in Sharks zone.
13:43 of 3rd period - Shot by Joe Thornton.
13:43 of 3rd period - Stopped by Dwayne Roloson without a rebound.
13:44 of 3rd period - Shawn Horcoff wins face-off versus Sidney Crosby in Oilers zone.
14:03 of 3rd period - Shot by Shawn Horcoff.
14:03 of 3rd period - Shot Misses the Net.
15:24 of 3rd period - Shot by Mike Sillinger.
15:24 of 3rd period - Shot Misses the Net.
15:29 of 3rd period - Shot by Mike Sillinger.
15:29 of 3rd period - Shot Misses the Net.
15:30 of 3rd period - Shot by Jason Smith.
15:30 of 3rd period - Shot Misses the Net.
15:31 of 3rd period - Shot by Jason Smith.
15:31 of 3rd period - Stopped by Rick DiPietro without a rebound.
15:32 of 3rd period - Joe Thornton wins face-off versus Ethan Moreau in Sharks zone.
15:37 of 3rd period - Shot by Jason Blake.
15:37 of 3rd period - Shot Blocked by Jason Smith.
15:40 of 3rd period - Shot by Joe Thornton.
15:40 of 3rd period - Goal by Joe Thornton - Sharks : 5 - Oilers : 2.
15:41 of 3rd period - Shawn Horcoff wins face-off versus Jeremy Roenick in neutral zone.
16:48 of 3rd period - Shot by Milan Michalek.
16:48 of 3rd period - Deflect By Jason Blake.
16:48 of 3rd period - Shot Misses the Net.
16:51 of 3rd period - Shot by Milan Michalek.
16:51 of 3rd period - Stopped by Dwayne Roloson without a rebound.
16:52 of 3rd period - Marty Reasoner wins face-off versus Joe Thornton in Oilers zone.
17:07 of 3rd period - Shot by Marty Reasoner.
17:07 of 3rd period - Stopped by Rick DiPietro with a rebound.
17:10 of 3rd period - Shot by Mike Sillinger.
17:10 of 3rd period - Stopped by Rick DiPietro with a rebound.
17:23 of 3rd period - Shot by Mike Sillinger.
17:23 of 3rd period - Shot Misses the Net.
17:24 of 3rd period - Shot by Marty Reasoner.
17:24 of 3rd period - Shot Misses the Net.
17:25 of 3rd period - Shot by Jason Smith.
17:25 of 3rd period - Stopped by Rick DiPietro with a rebound.
17:26 of 3rd period - Shot by Dick Tarnstrom.
17:26 of 3rd period - Shot Misses the Net.
17:31 of 3rd period - Shot by Marty Reasoner.
17:31 of 3rd period - Goal by Marty Reasoner - Sharks : 5 - Oilers : 3.
17:32 of 3rd period - Shawn Horcoff wins face-off versus Jeremy Roenick in neutral zone.
17:39 of 3rd period - Shot by Ryan Smyth.
17:39 of 3rd period - Deflect By Shawn Horcoff.
17:39 of 3rd period - Shot Misses the Net.
17:40 of 3rd period - Shot by Steve Staios.
17:40 of 3rd period - Stopped by Rick DiPietro without a rebound.
17:41 of 3rd period - Curtis Brown wins face-off versus Jarret Stoll in Sharks zone.
18:54 of 3rd period - Shot by Dustin Brown.
18:54 of 3rd period - Stopped by Dwayne Roloson with a rebound.
19:18 of 3rd period - Dustin Brown is hit by Ruslan Salei and loses puck.
19:26 of 3rd period - Shot by Ryan Smyth.
19:26 of 3rd period - Stopped by Rick DiPietro without a rebound.
19:27 of 3rd period - Joe Thornton wins face-off versus Marty Reasoner in Sharks zone.


Output by the SimonT Hockey Simulator (STHS) for Stephane Roy -- Original Page W3C XHTML 1.0 Valid